 Dungeon Crawl Stone Soup version 0.19-a0-659-g8260ecf (webtiles) character file.

23 Ijustatesigmund the Sneak (level 3, -1/24 HPs)
             Began as a Halfling Assassin on June 15, 2016.
             Slain by a rat (3 damage)
             ... on level 1 of the Dungeon.
             The game lasted 00:02:03 (742 turns).

Ijustatesigmund the Sneak (Halfling Assassin)        Turns: 742, Time: 00:02:04

Health: -1/24      AC:  3    Str: 11    XL:     3   Next: 12%
Magic:  3/3        EV: 14    Int: 10    God:
Gold:   25         SH:  0    Dex: 16    Spells: 0 memorised, 2 levels left

rFire  . . .     SeeInvis .     a - +2 dagger
rCold  . . .     Gourm    .     c - +0 robe
rNeg   . . .     Faith    .     (shield restricted)
rPois  .         Spirit   .     (no helmet)
rElec  .         Dismiss  .     d - +0 cloak
rCorr  .         Reflect  .     (no gloves)
SustAt .         Harm     .     (no boots)
MR     .....                    (no amulet)
Stlth  +++.......               (no ring)
                                (no ring)

@: flying, not resistant to hostile enchantments, fairly stealthy
A: mutation resistance 1
a: no special abilities


You were on level 1 of the Dungeon.
You were not hungry.

You visited 1 branch of the dungeon, and saw 3 of its levels.

You collected 25 gold pieces.

Inventory:

Hand Weapons
 a - a +2 dagger (weapon)
 b - a +0 blowgun
Missiles
 e - 8 poisoned needles
 f - 2 curare-tipped needles
Armour
 c - a +0 robe (worn)
 d - a +0 cloak (worn)
Jewellery
 i - an uncursed ring of stealth {unknown}
Comestibles
 g - a bread ration
 h - a slice of pizza
 k - a meat ration


   Skills:
 - Level 1.7 Fighting
 + Level 3.6 Short Blades
 - Level 2.1 Throwing
 - Level 1.1 Dodging
 + Level 5.0 Stealth


You had 2 spell levels left.
You didn't know any spells.

Dungeon Overview and Level Annotations

Branches:
Dungeon (3/15)

Altars:

Annotations:
D:1 1 runed door


Innate Abilities, Weirdness & Mutations

You are small and have problems with some larger weapons.
You are somewhat resistant to further mutation.


Message History

The giant cockroach bites you.
* * * LOW HITPOINT WARNING * * *
The rat barely misses you.
You barely miss the rat. The giant cockroach closely misses you.
You closely miss the rat. The rat barely misses you. The rat misses you.
The giant cockroach closely misses you.
You hit the rat.
You kill the rat!
The rat misses you. The giant cockroach misses you.
You barely miss the giant cockroach. The rat closely misses you.
The giant cockroach misses you.
You hit the giant cockroach but do no damage.
The giant cockroach bites you but does no damage. x2
The rat barely misses you.
You closely miss the giant cockroach.
The giant cockroach bites you but does no damage.
The giant cockroach closely misses you.
You barely miss the giant cockroach. The giant cockroach barely misses you.
The rat bites you.
You die...

.....##........##....##...#......
.....##.#########....##...###....
.....##.###......................
.....##......##########.#####.#..
.....##..........................
.....##........###############...
.....##......#.#Jr.......Jb..#...
.............#.#rsr...rbJsJJr#...
###########'##.#@sJJ...h.rrJ.#.##
#........##.#######+#######.##
#.#########.#.............#..#
#.#...# #.+⌠....###....⌠'...
#.#.#.# ##.#......<......#.##
#.#.#.# #..#..⌠...>...⌠..#.##
#.#.#.# #..###+#######'###...
#.#†#.# #....................
#.#.#.# #.#########..######..


You could see 3 oozes, a jackal (wandering), 2 giant cockroaches, a bat and 4
rats.

Vanquished Creatures
  2 oozes (D:1)
  A ball python (D:1)
  2 bats (D:1)
  A goblin (D:1)
  2 jackals (D:1)
  3 kobolds (D:1)
  5 rats (D:1)
16 creatures vanquished.

Notes
Turn   | Place    | Note
--------------------------------------------------------------
     0 | D:1      | Ijustatesigmund the Halfling Assassin began the quest for the Orb.
     0 | D:1      | Reached XP level 1. HP: 14/14 MP: 1/1
    15 | D:1      | Found a runed door.
   139 | D:1      | Reached XP level 2. HP: 19/19 MP: 2/2
   733 | D:1      | Reached skill level 5 in Stealth
   733 | D:1      | Reached XP level 3. HP: 8/24 MP: 3/3
   742 | D:1      | Slain by a rat

Vault maps used:
D:1:      dpeg_arrival_caged_fury, serial_corexii_hall, corexii_hall_statues_l,
          corexii_hall_statues_deadend
D:2:      zin_treasury, minmay_strange_pillars
D:3:      overflow_temple_1_default, first_bread, uniq_sigmund, uniq_jessica,
          uniq_purgy

Skill      XL: |  1  2 |
---------------+-------+-----
Short Blades   | 3 |  3.6
Stealth        | 5 |  5.0
Fighting       | |  1.7
Throwing       | |  2.1
Dodging        | |  1.1

Action                   || total
-------------------------++-------
Melee: Dagger            ||    50
  Use: Potion            ||     2
 Stab: Sleeping          ||     4
       Distracted        ||     1
Armor: Robe              ||     9
Dodge: Dodged            ||    46
